 Dungeon Crawl Stone Soup version 0.27-a0-965-gbf8bb431c4 (webtiles) character file.

Game seed: 381120994338463664

172 robertstho the Chiller (level 5, 0/37 HPs)
             Began as a Gnoll Ice Elementalist on Apr 12, 2021.
             Slain by Pikel
             ... wielding a +2 whip of electrocution
              (6 damage)
             ... on level 4 of the Dungeon.
             The game lasted 00:04:26 (2757 turns).

robertstho the Chiller (Gnoll Ice Elementalist)     Turns: 2757, Time: 00:04:27

Health: 0/37       AC: 10    Str:  7    XL:     5   Next: 53%
Magic:  1/12       EV: 13    Int: 15    God:
Gold:   117        SH:  0    Dex: 13    Spells: 3/14 levels left

rFire    . . .     SeeInvis .   l - staff of cold
rCold    + . .     Faith    .   (no shield)
rNeg     + . .     Spirit   .   o - +0 robe {rN+}
rPois    .         Reflect  .   (no helmet)
rElec    .         Harm     .   (no cloak)
rCorr    .         Rampage  .   (no gloves)
Will     .....                  (no boots)
Stlth    +++.......             e - amulet of the acrobat
HPRegen  0.12/turn              (no ring)
MPRegen  0.13/turn              (no ring)

@: ice-armoured, freezing walls, attractive
A: fangs 1, strong nose, distributed training
a: no special abilities


You were on level 4 of the Dungeon.
You visited 1 branch of the dungeon, and saw 4 of its levels.

You collected 117 gold pieces.

Inventory:

Hand Weapons
 c - a +1 short sword
Missiles
 d - 118 stones
Armour
 o - a +0 robe of positive energy (worn)
Magical Staves
 l - a staff of cold (weapon)
Jewellery
 e - an amulet of the acrobat (around neck)
Scrolls
 f - 2 scrolls of teleportation
 n - a scroll of enchant armour
Potions
 b - a potion of attraction
 g - 2 potions of berserk rage {unknown}
 i - a potion of ambrosia {unknown}
 j - a potion of might {unknown}
 k - a potion of flight
 m - a potion of haste


   Skills:
 + Level 1.5 Fighting
 + Level 1.5 Short Blades
 + Level 1.5 Long Blades
 + Level 1.5 Axes
 + Level 1.5 Maces & Flails
 + Level 1.5 Polearms
 + Level 1.5 Staves
 + Level 1.5 Slings
 + Level 1.5 Bows
 + Level 1.5 Crossbows
 + Level 1.5 Throwing
 + Level 1.5 Armour
 + Level 4.8 Dodging
 + Level 4.4 Stealth
 + Level 1.5 Shields
 + Level 1.5 Unarmed Combat
 + Level 5.2 Spellcasting
 + Level 1.2 Conjurations
 + Level 1.2 Hexes
 + Level 1.2 Summonings
 + Level 1.2 Necromancy
 + Level 1.2 Translocations
 + Level 1.2 Transmutations
 + Level 1.2 Fire Magic
 + Level 7.2 Ice Magic
 + Level 1.2 Air Magic
 + Level 1.2 Earth Magic
 + Level 1.2 Poison Magic
 + Level 1.7 Invocations
 + Level 1.5 Evocations


You had 3 spell levels left.
You knew the following spells:

 Your Spells              Type           Power      Damage    Failure   Level
a - Freeze                Ice            100%       1d11      1%          1
b - Frozen Ramparts       Ice            76%        1d9       2%          3
c - Ozocubu's Armour      Ice            38%        N/A       2%          3
d - Hailstorm             Conj/Ice       24%        3d7       28%         4

Your spell library contained the following spells:

 Spells                   Type           Power      Damage    Failure   Level
 Confusing Touch          Hex            7%         N/A       28%         3
 Gell's Gravitas          Tloc           3%         N/A       28%         3
 Metabolic Englaciation   Hex/Ice        12%        N/A       61%         5
 Petrify                  Tmut/Erth      7%         N/A       67%         4
 Yara's Violent Unravell  Hex/Tmut       3%         3d4       95%         5


Dungeon Overview and Level Annotations

Branches:
Dungeon (4/15)
 Temple: D:4-7

Altars:

Annotations:
D:4 Pikel


Innate Abilities, Weirdness & Mutations

You have very sharp teeth.
Your uncanny sense of smell can sniff out nearby items.
Your experience applies equally to all skills.


Message History

Orders for allies: a - Attack new target. r - Retreat! s - Stop attacking. g - Guard the area. f - Follow me.
Anything else - Cancel.
You bark for attention!
Casting: Freeze (safe; 1% risk of failure)
Confirm with . or Enter, or press ? or * to list all spells.
Casting: Frozen Ramparts (dangerous; 2% risk of failure)
Press: ? - help, Dir - look around, f - activate You feel a surge of power!
The walls around you are covered in ice.
A lemure comes into view.
The wall freezes Pikel.
Casting: Frozen Ramparts (dangerous; 2% risk of failure)
Confirm with . or Enter, or press ? or * to list all spells.
You feel a surge of power! A film of ice covers your body!
The wall freezes Pikel.
Casting: Ozocubu's Armour (dangerous; 2% risk of failure)
Confirm with . or Enter, or press ? or * to list all spells.
Aiming: Freeze (safe; 1% risk of failure)
Press: ? - help, Shift-Dir - straight line, f - Pikel
Aim: Pikel, wielding a +2 whip of electrocution and wearing a +0 robe (lightly wounded)
You feel a surge of power!
You freeze Pikel.
Pikel is moderately wounded.
The wall freezes the lemure!
A ball python comes into view.
The wall freezes Pikel.
Pikel misses you.
You hit Pikel but do no damage. You freeze Pikel.
Pikel is heavily wounded.
The wall freezes the lemure.
The wall freezes Pikel!
Pikel hits you with a +2 whip of electrocution!
You are electrocuted!
* * * LOW HITPOINT WARNING * * *
The wall freezes the lemure!
The lemure hits you.
* * * LOW HITPOINT WARNING * * *
It was a potion of attraction.
You feel attractive to monsters.
The wall freezes Pikel.
Pikel hits you with a +2 whip of electrocution.
You die...

#.#.#
##.#.##
.....
#.#.#
##S#.#
#...<###.#
#........#
#.†#######
#.@# #5K#
#..# #.)#
#... #...
#..? ####.


You could see Pikel, a lemure and a ball python.

Vanquished Creatures
  A lemure (D:4)
  A jelly (D:3)
  Jessica (D:3)
  A gnoll (D:3)
  5 adders
  2 worms
  2 dart slugs
  3 ball pythons
  6 endoplasms
  4 giant cockroaches
  8 goblins
  6 kobolds
  2 quokkas (D:1)
  6 bats
  4 frilled lizards
  4 rats
56 creatures vanquished.

Notes
Turn   | Place    | Note
-------+----------+-------------------------------------------
     0 | D:1      | robertstho the Gnoll Ice Elementalist began the quest for
                  | the Orb.
     0 | D:1      | Reached XP level 1. HP: 13/13 MP: 6/6
   186 | D:1      | Reached XP level 2. HP: 19/19 MP: 5/7
   373 | D:1      | Found a faded altar of an unknown god.
   785 | D:2      | Reached XP level 3. HP: 25/25 MP: 7/9
   790 | D:2      | Learned a level 3 spell: Frozen Ramparts
   794 | D:2      | Learned a level 3 spell: Ozocubu's Armour
   814 | D:2      | Reached skill level 5 in Spellcasting
   836 | D:2      | Reached skill level 1 in Invocations
   959 | D:2      | Reached skill level 1 in Fighting
   959 | D:2      | Reached skill level 1 in Short Blades
   959 | D:2      | Reached skill level 1 in Long Blades
   959 | D:2      | Reached skill level 1 in Axes
   959 | D:2      | Reached skill level 1 in Maces & Flails
   959 | D:2      | Reached skill level 1 in Polearms
   959 | D:2      | Reached skill level 1 in Staves
   959 | D:2      | Reached skill level 1 in Slings
   959 | D:2      | Reached skill level 1 in Bows
   959 | D:2      | Reached skill level 1 in Crossbows
   959 | D:2      | Reached skill level 1 in Throwing
   959 | D:2      | Reached skill level 1 in Armour
   959 | D:2      | Reached skill level 1 in Shields
   959 | D:2      | Reached skill level 1 in Unarmed Combat
   959 | D:2      | Reached skill level 1 in Evocations
  1171 | D:2      | Reached XP level 4. HP: 32/32 MP: 8/11
  1609 | D:3      | Reached skill level 1 in Conjurations
  1609 | D:3      | Reached skill level 1 in Hexes
  1609 | D:3      | Reached skill level 1 in Summonings
  1609 | D:3      | Reached skill level 1 in Necromancy
  1609 | D:3      | Reached skill level 1 in Translocations
  1609 | D:3      | Reached skill level 1 in Transmutations
  1609 | D:3      | Reached skill level 1 in Fire Magic
  1609 | D:3      | Reached skill level 1 in Air Magic
  1609 | D:3      | Reached skill level 1 in Earth Magic
  1609 | D:3      | Reached skill level 1 in Poison Magic
  1614 | D:3      | Learned a level 4 spell: Hailstorm
  1958 | D:3      | Noticed Jessica
  1964 | D:3      | Killed Jessica
  1965 | D:3      | Reached XP level 5. HP: 37/37 MP: 8/12
  2739 | D:4      | Noticed a lemure
  2746 | D:4      | Killed a lemure
  2751 | D:4      | Noticed Pikel
  2753 | D:4      | Noticed a lemure
  2757 | D:4      | Slain by Pikel

Illustrated notes

Levels and vault maps discovered:
D:1:      minmay_arrival_up_and_down, layout_rooms,
          shapermc_ecumenical_altar_starsandcircs
D:2:      layout_rooms
D:3:      layout_loops_ring, minmay_box_of_dots, uniq_jessica
D:4:      layout_loops_ring, pdpol_wu_jian_five_deadly_venoms,
          nicolae_ru_sacrificial_ziggurat, nicolae_overflow_crystal_walls,
          uniq_pikel

Skill      XL: |  1  2  3  4 |
---------------+-------------+-----
Spellcasting   | 5 |  5.2
Invocations    | 1 |  1.7
Fighting       | 1 |  1.5
Short Blades   | 1 |  1.5
Long Blades    | 1 |  1.5
Axes           | 1 |  1.5
Maces & Flails | 1 |  1.5
Polearms       | 1 |  1.5
Staves         | 1 |  1.5
Slings         | 1 |  1.5
Bows           | 1 |  1.5
Crossbows      | 1 |  1.5
Throwing       | 1 |  1.5
Armour         | 1 |  1.5
Shields        | 1 |  1.5
Unarmed Combat | 1 |  1.5
Evocations     | 1 |  1.5
Conjurations   | 1 |  1.2
Hexes          | 1 |  1.2
Summonings     | 1 |  1.2
Necromancy     | 1 |  1.2
Translocations | 1 |  1.2
Transmutations | 1 |  1.2
Fire Magic     | 1 |  1.2
Air Magic      | 1 |  1.2
Earth Magic    | 1 |  1.2
Poison Magic   | 1 |  1.2
Dodging        | |  4.8
Stealth        | |  4.4
Ice Magic      | |  7.2

Action                   |  1- 3 |  4- 6 || total
-------------------------+-------+-------++-------
Melee: Unarmed           |     2 |       ||     2
       Short sword       |    29 |     3 ||    32
       Bite              |     5 |     3 ||     8
       Staff             |       |    41 ||    41
 Cast: Freeze            |    33 |    13 ||    46
       Frozen Ramparts   |       |     5 ||     5
       Ozocubu's Armour  |       |     2 ||     2
  Use: Scroll            |       |     5 ||     5
       Potion            |       |     1 ||     1
 Stab: Sleeping          |     4 |     5 ||     9
Armor: Robe              |     9 |     9 ||    18
Dodge: Dodged            |    45 |    36 ||    81

Table legend: (Time is in decaauts)
 A = Elapsed time spent in this place.
 B = Non-inter-level travel time spent in this place.
 C = Inter-level travel time spent in this place.
 D = Time resting spent in this place.
 E = Time spent auto-exploring this place.
 F = Levels seen in this place.
 G = Mean time per level.
                   A        B        C        D        E       F      G
               +--------+--------+--------+--------+--------+-----+--------+
         Total |   2763 |   2651 |    112 |      0 |   2260 |   4 |  690.8 |
       Dungeon |   2763 |   2651 |    112 |      0 |   2260 |   4 |  690.8 |
               +--------+--------+--------+--------+--------+-----+--------+

Top non-repeatable levels by time:
     D:3: 1162 daAuts
     D:2: 785 daAuts
     D:1: 780 daAuts
     D:4: 35 daAuts
